 Dungeon Crawl Stone Soup version 0.21.0-24-g2553a33 (webtiles) character file.

63 HammerPanzer the Cudgeler (level 3, -1/51 HPs)
             Began as a Minotaur Berserker on Jan 19, 2018.
             Was a Believer of Trog.
             Slain by Amon001's ghost (6 damage)
             ... on level 3 of the Dungeon.
             The game lasted 00:05:25 (1660 turns).

HammerPanzer the Cudgeler (Minotaur Berserker)      Turns: 1660, Time: 00:05:25

Health: -1/51      AC:  3    Str: 26    XL:     3   Next: 87%
Magic:  2/2        EV:  9    Int:  5    God:    Trog [**....]
Gold:   138        SH:  7    Dex:  9    Spells: 2/2 levels left

rFire    . . .     SeeInvis .   a - +0 mace
rCold    . . .     Gourm    .   h - +0 shield
rNeg     . . .     Faith    .   b - +0 animal skin
rPois    .         Spirit   .   (helmet restricted)
rElec    .         Reflect  .   (no cloak)
rCorr    .         Harm     .   (no gloves)
MR       .....                  n - +0 pair of boots
Stlth    ..........             (no amulet)
HPRegen  0.17/turn              (no ring)
MPRegen  0.08/turn              (no ring)

@: berserking, very quick
A: retaliatory headbutt, horns 2
a: Berserk, Trog's Hand, Burn Spellbooks, Renounce Religion


You were on level 3 of the Dungeon.
You worshipped Trog.
Trog was pleased with you.
You were very hungry.

You visited 1 branch of the dungeon, and saw 3 of its levels.

You collected 138 gold pieces.

Inventory:

Hand Weapons
 a - a +0 mace (weapon)
Armour
 b - a +0 animal skin (worn)
 h - a +0 shield (worn)
 n - a +0 pair of boots (worn)
Scrolls
 d - a scroll of remove curse {unknown}
 g - a scroll of teleportation {unknown}
 k - a scroll of fear {unknown}
 m - a scroll of identify {unknown}
 q - a scroll of immolation {unknown}
Potions
 e - a potion of might {unknown}
 f - 2 potions of magic {unknown}
 j - a potion of lignification {unknown}
 l - a potion of heal wounds {unknown}
 o - a potion of mutation {unknown}
 p - a potion of agility {unknown}
Comestibles
 c - 2 rations


   Skills:
 + Level 4.4 Fighting
 * Level 5.2 Maces & Flails
 - Level 2.4 Armour
 - Level 2.1 Dodging


You had 2 spell levels left.
You didn't know any spells.

Dungeon Overview and Level Annotations

Branches:
Dungeon (3/15)

Altars:
Fedhas
Qazlal
Trog

Annotations:
D:3 Amon001's ghost, amateur GnAK


Innate Abilities, Weirdness & Mutations

You reflexively headbutt those who attack you in melee.
You have a pair of horns on your head.


Message History

You hit Amon001's ghost but do no damage.
You headbutt Amon001's ghost.
Amon001's ghost is moderately damaged.
Amon001's ghost hits you.
* * * LOW HITPOINT WARNING * * *
You barely miss Amon001's ghost. You headbutt Amon001's ghost!
Amon001's ghost is heavily damaged.
Amon001's ghost hits you.
* * * LOW HITPOINT WARNING * * *
You hit Amon001's ghost. You headbutt Amon001's ghost!
Amon001's ghost is severely damaged.
You closely miss Amon001's ghost. Your headbutt misses Amon001's ghost.
Amon001's ghost is severely damaged.
Amon001's ghost barely misses you. You furiously retaliate!
You headbutt Amon001's ghost!
Your shield prevents you from hitting Amon001's ghost.
You headbutt Amon001's ghost, but do no damage.
Amon001's ghost is almost destroyed.
Amon001's ghost hits you.
You die...

#........#.#.# ####
#..........#.###
..#########.#..# ######
#.#.# ####.#### ##.###
....#...# #.... #
##.#.##.# #..#### ...
#.#.##.#####†....#.....
#.#...........)@W......
#.####.#####.#...#.....
#.# #.# #.##.## ... #..
..# #....%. # ### ####
####.### #.# ..? ...


You could see Amon001's ghost.

Vanquished Creatures
  2 adders (D:3)
  2 worms (D:2)
  3 dart slugs
  2 leopard geckos (D:1)
  A ball python (D:2)
  3 hobgoblins
  2 quokkas
  6 bats
  A frilled lizard (D:3)
  3 goblins
  3 kobolds
  5 rats
33 creatures vanquished.

Notes
Turn   | Place    | Note
-------+----------+-------------------------------------------
     0 | D:1      | HammerPanzer the Minotaur Berserker began the quest for the Orb.
     0 | D:1      | Reached XP level 1. HP: 19/19 MP: 0/0
   362 | D:1      | Reached skill level 4 in Maces & Flails
   434 | D:1      | Reached XP level 2. HP: 20/27 MP: 1/1
  1089 | D:2      | Reached XP level 3. HP: 33/33 MP: 2/2
  1240 | D:2      | Found a blossoming altar of Fedhas.
  1245 | D:2      | Found a bloodstained altar of Trog.
  1249 | D:2      | Found a stormy altar of Qazlal.
  1390 | D:3      | Reached ** piety under Trog
  1390 | D:3      | Reached skill level 5 in Maces & Flails
  1646 | D:3      | Noticed Amon001's ghost (amateur GnAK)
  1660 | D:3      | Slain by Amon001's ghost

Skill      XL: |  1  2  3 |
---------------+----------+-----
Maces & Flails | 4 5 |  5.2
Fighting       | 4 |  4.4
Armour         | |  2.4
Dodging        | |  2.1

Action                   || total
-------------------------++-------
Melee: Mace              ||    80
       Headbutt          ||    20
Invok: Berserk           ||     1
  Eat: Chunk             ||     2
Armor: Animal skin       ||    17
Dodge: Dodged            ||    44
Block: Shield            ||    29
